AoeStats
← Morphman

Black Forest

507632569Analyzed
4v4 RM · 12d ago on Sep 19, 2026· 59m 47s· 8 players
Game mode
Random Map
Map size
Large (8 player)
Population
200
Speed
Normal
Resources
Standard
Victory
Conquest
Starting age
Dark Age
Ending age
Imperial Age
RankedLock teamsTeams togetherTeam positionsShared explorationLock speedFull tech treeHidden civsTurbo modeCheats
Victory
Defeat
🇲🇽 Spanish · Mexico
935
+15
🇨🇴 Persians · Colombia
933
+15
🇨🇳 Huns · China
921
+16
🇭🇰 Bohemians · Hong Kong SAR China
892
+17
🇯🇵 Slavs · Japan
992
-18
🇩🇪 Khmer · Germany
962
-18
🇺🇸 Spanish · United States
945
-17
🇫🇷 Chinese · France
776
-26
Cero
10:51 Loom
13:49 Feudal Age
18:12 Wheelbarrow
20:26 Castle Age
18:25 Horse Collar
20:31 Double-Bit Axe
32:55 Scale Barding Armor
34:34 Husbandry
37:46 Imperial Age
35:44 Hand Cart
36:10 Bloodlines
37:41 Ballistics
38:37 Chain Barding Armor
38:54 Conscription
39:53 Chemistry
40:22 Caravan
43:00 Heavy Plow
43:39 Scale Mail Armor
43:46 Scale Mail Armor
46:31 Murder Holes
48:27 Pikeman
49:10 Halberdier
50:35 Plate Barding Armor
50:23 Chain Mail Armor
50:22 Forging
50:42 Squires
52:50 Plate Mail Armor
irish09
0:38 Loom
14:18 Feudal Age
15:14 Feudal Age
19:44 Castle Age
18:01 Double-Bit Axe
19:57 Town Watch
21:25 Bow Saw
23:18 Horse Collar
27:03 Wheelbarrow
27:20 Gold Mining
29:56 Hand Cart
29:45 Town Patrol
30:44 Fishing Lines
33:44 Imperial Age
31:30 Masonry
33:12 Gold Shaft Mining
32:28 Stone Mining
32:49 Gillnets
33:36 Forging
33:32 Scale Barding Armor
34:17 Detinets
33:57 Elite Boyar
34:58 Squires
35:32 Chain Barding Armor
35:48 Iron Casting
35:03 Capped Ram
36:01 Bloodlines
35:51 Husbandry
37:39 Plate Barding Armor
39:12 Blast Furnace
39:09 Conscription
38:24 Siege Ram
41:08 Chemistry
41:14 Hoardings
41:37 Ballistics
42:09 Caravan
42:37 Fletching
49:20 Bodkin Arrow
Morphman
0:46 Loom
17:31 Feudal Age
21:57 Castle Age
22:04 Castle Age
21:08 Forging
21:30 Bloodlines
21:22 Double-Bit Axe
21:22 Horse Collar
23:50 Iron Casting
23:57 Husbandry
26:06 Scale Barding Armor
27:14 Fletching
27:13 Light Cavalry
30:03 Fletching
35:59 Heavy Plow
37:35 Bow Saw
41:09 Wheelbarrow
42:41 Bodkin Arrow
49:12 Imperial Age
50:17 Chain Barding Armor
YoumuKonpaku
0:46 Loom
0:54 Loom
14:38 Feudal Age
15:58 Wheelbarrow
15:56 Horse Collar
24:44 Castle Age
29:03 Hand Cart
30:57 Fletching
31:09 Padded Archer Armor
40:16 Heavy Plow
44:14 Imperial Age
44:38 Bodkin Arrow
45:00 Leather Archer Armor
44:57 Forging
45:07 Thumb Ring
44:30 Man-at-Arms
45:13 Squires
46:54 Caravan
47:32 Coinage
51:23 Elite Chu Ko Nu
53:10 Elite Fire Lancer
LV Chris R7
0:46 Loom
14:41 Feudal Age
17:26 Double-Bit Axe
18:56 Horse Collar
24:52 Castle Age
26:01 Wheelbarrow
30:14 Bow Saw
30:13 Heavy Plow
41:39 Imperial Age
39:26 Hand Cart
42:15 Thumb Ring
41:31 Elite Skirmisher
42:42 Caravan
44:24 Fletching
44:35 Padded Archer Armor
44:33 Pikeman
45:13 Squires
46:47 Chemistry
47:08 Ballistics
47:43 Bodkin Arrow
48:04 Leather Archer Armor
aszsgs
0:29 Loom
11:34 Feudal Age
13:00 Double-Bit Axe
13:53 Wheelbarrow
13:01 Horse Collar
19:58 Castle Age
19:25 Scale Barding Armor
20:46 Forging
21:28 Bloodlines
21:22 Husbandry
23:12 Bow Saw
27:12 Iron Casting
27:38 Chain Barding Armor
29:39 Hand Cart
29:33 Heavy Plow
30:41 Caravan
41:12 Imperial Age
41:20 Cavalier
42:42 Plate Barding Armor
43:08 Blast Furnace
43:02 Conscription
43:12 Gold Mining
43:14 Stone Mining
44:10 Sappers
44:36 Paladin
46:23 Gold Shaft Mining
踏马就一刀
12:37 Feudal Age
13:53 Double-Bit Axe
17:32 Castle Age
16:17 Horse Collar
21:05 Chemistry
21:48 Bow Saw
21:50 Heavy Plow
26:38 Wheelbarrow
28:42 Fishing Lines
30:42 Hand Cart
32:21 Squires
34:55 Imperial Age
32:38 Elite Skirmisher
34:14 Ballistics
34:20 Pikeman
35:38 Halberdier
37:39 Forging
37:30 Scale Mail Armor
41:10 Houfnice
48:02 Iron Casting
47:43 Chain Mail Armor
47:20 Fletching
47:31 Padded Archer Armor
55:52 Two-Man Saw
oscarivanrt1
11:23 Feudal Age
11:49 Double-Bit Axe
12:42 Wheelbarrow
14:12 Horse Collar
20:15 Castle Age
20:59 Hand Cart
21:00 Bow Saw
21:35 Town Watch
22:04 Heavy Plow
29:09 Gold Mining
30:35 Gold Shaft Mining
29:55 Stone Mining
33:56 Imperial Age
34:03 Stone Shaft Mining
35:43 Crop Rotation
36:15 Two-Man Saw
35:35 Bloodlines
35:25 Husbandry
34:49 Cavalier
36:06 Ballistics
36:46 Chemistry
36:15 Scale Barding Armor
36:23 Forging
36:30 Heavy Camel Rider
38:38 Chain Barding Armor
38:54 Iron Casting
38:10 Fletching
40:02 Onager
45:07 Thumb Ring
45:27 Bodkin Arrow
45:32 Padded Archer Armor
48:30 Caravan
54:22 Plate Barding Armor
54:48 Blast Furnace
Connection lost

Rejoining the realm…

Still unreachable

The connection could not be restored.

Session expired

The server has moved on; the page needs a fresh start.